cohdb
Replays
Latest Replays
All Replays
Popular Replays
Top Player Replays
Match Explorer
How It Works
Community
CoH3 Stats
Reddit
Sign in to upload your games and track your stats! →
Sign in with Steam
Match 39968175
Unlisted
Match 39968175
Overview
Messages
Build Orders
End
Construct Infanterie Kompanie
Kettenkrad Recon Vehicle
Selects Terror Battlegroup
Selects Machine Gun Camouflage
MG 42 Machine Gun Team
MG 42 Machine Gun Team
Grenadier Squad
Infanterie Officer Quarters
Grenadier Squad
Construct Panzergrenadier Kompanie
Support Elements
Nebelwerfer 42 Rocket Launcher Team
Nebelwerfer 42 Rocket Launcher Team
Construct Panzer Kompanie
Medical Station
Sturmpanzer IV Brummbär
Stoßtruppen Squad
Pioneer Squad
Stoßtruppen Squad
Selects Defend the Fatherland
Side Skirts
Selects King Tiger Heavy Tank
King Tiger Heavy Tank
Defend the Fatherland
King Tiger Heavy Tank
Stoßtruppen Squad
REDFORCE
kingkendji99
Thrusher
[L9] saintmoore
cat_command3r
slayer calitros
the Door
Me4
0
0
Comments
sign in to comment!
No comments posted yet!